 Dungeon Sprint DCSS version 0.27-a0-1513-g2aaa0cc67b (webtiles) character file.

Game seed: 5040014417147587087

1240 mhtbhm the Protected (level 8, -1/121 HPs)
             Began as a Minotaur Fighter on July 9, 2021.
             Was a Follower of Qazlal.
             Slain by a centaur warrior (2 damage)
             ... in the Dungeon (Sprint I: "Red Sonja").
             The game lasted 00:01:22 (1318 turns).

mhtbhm the Protected (Minotaur Fighter)             Turns: 1318, Time: 00:01:23

Health: -1/121     AC:  9    Str: 22    XL:     8   Next: 25%
Magic:  7/7        EV: 10    Int:  5    God:    Qazlal [*.....]
Gold:   405        SH: 14    Dex: 11    Spells: 7/7 levels left

rFire    . . .     SeeInvis .   a - +0 trident
rCold    . . .     Faith    .   c - +0 kite shield
rNeg     . . .     Spirit   .   b - +0 scale mail
rPois    .         Reflect  .   (helmet restricted)
rElec    .         Harm     .   (no cloak)
rCorr    .         Rampage  .   (no gloves)
Will     .....     NoTele   +   (no boots)
Stlth    ..........             (no amulet)
HPRegen  0.30/turn              (no ring)
MPRegen  0.10/turn              (no ring)

@: berserking, very quick
A: horns 2, retaliatory headbutt
a: Renounce Religion


You were in the Dungeon.
You worshipped Qazlal.
Qazlal was aware of your devotion.
You visited 1 branch You collected 405 gold pieces.

Inventory:

Hand Weapons
 a - a +0 trident (weapon)
Missiles
 e - 7 javelins (quivered)
Armour
 b - a +0 scale mail (worn)
 c - a +0 kite shield (worn)
Scrolls
 j - a scroll of blinking
 k - a scroll of identify {unknown}
Potions
 d - a potion of might
 g - a potion of haste
 h - 2 potions of magic


   Skills:
 + Level 10.6 Fighting
 + Level 10.9 Polearms
 + Level 12.1 Armour
 + Level 3.8 Dodging
 + Level 0.1 Stealth
 + Level 10.8 Shields


You had 7 spell levels left.
You didn't know any spells.
Your spell library was empty.

Dungeon Overview and Level Annotations

Branches:
Dungeon (1/1)

Altars:
Cheibriados
Dithmenos
Elyvilon
Fedhas
Gozag
Hepliaklqana
Kikubaaqudgha
Makhleb
Nemelex Xobeh
Okawaru
Qazlal
Ru
Sif Muna
Trog
Uskayaw
Vehumet
Wu Jian
Xom
Yredelemnul
Zin
The Shining One
Jiyva
Lugonu

Shops:
D !


Innate Abilities, Weirdness & Mutations

You have a pair of horns on your head.
You reflexively headbutt those who attack you in melee.


Message History

The centaur warrior is severely wounded.
The centaur warrior hits you.
You block the centaur warrior's attack. x2
The centaur warrior kicks you but does no damage.
The centaur warrior barely misses you. You furiously retaliate!
You headbutt the centaur warrior!
The centaur warrior kicks you but does no damage.
You hit the centaur warrior.
Your headbutt misses the centaur warrior.
The centaur warrior is severely wounded.
The centaur warrior hits you! You block the centaur warrior's attack.
The centaur warrior hits you.
The centaur warrior kicks you but does no damage.
The centaur warrior hits you but does no damage.
The centaur warrior closely misses you.
You barely miss the centaur warrior.
Your headbutt misses the centaur warrior.
The centaur warrior is severely wounded.
You block the centaur warrior's attack.
The centaur warrior kicks you but does no damage.
The centaur warrior hits you!
* * * LOW HITPOINT WARNING * * *
The centaur warrior kicks you.
* * * LOW HITPOINT WARNING * * *
You hit the centaur warrior.
Your headbutt misses the centaur warrior.
The centaur warrior is almost dead.
The centaur warrior hits you but does no damage.
The centaur warrior kicks you.
* * * LOW HITPOINT WARNING * * *
The centaur warrior hits you.
* * * LOW HITPOINT WARNING * * *
You block the centaur warrior's attack.
A red film seems to cover your vision as you go berserk!
You feel yourself moving faster!
You feel mighty! The centaur warrior barely misses you.
You furiously retaliate!
You headbutt the centaur warrior! The centaur warrior barely misses you.
The centaur warrior hits you!
* * * LOW HITPOINT WARNING * * *
The centaur warrior kicks you.
You die...

#######################
#..)..#..'..#__#..))..#
)..#..').#..'..'..#...#
#####'#####'#__####...+
####..#...#(####$)#####
#__####..##.#§§§§§#
#_____##'#_.'§§§cc+
#_.∩...'..._#≈§§@§#
#_..__##_.#'##+####
#_____###+#.# #######
###


You could see 2 centaur warriors.

Vanquished Creatures
  2 kobold demonologists (D)
  A slime creature (D)
  Sigmund (D)
  A yak (D)
  A floating eye (D)
  An ogre (D)
  A jelly (D)
  Ijyb (D)
9 creatures vanquished.

Vanquished Creatures (others)
  A gargoyle (D)
1 creature vanquished.

Grand Total: 10 creatures vanquished

Notes
Turn   | Place    | Note
-------+----------+-------------------------------------------
     0 | D        | mhtbhm the Minotaur Fighter began the quest for the Orb.
     0 | D        | Reached XP level 1. HP: 19/19 MP: 0/0
     2 | D        | Noticed Ijyb
    18 | D        | Killed Ijyb
    19 | D        | Reached skill level 5 in Fighting
    19 | D        | Reached skill level 5 in Armour
    19 | D        | Reached skill level 5 in Shields
    19 | D        | Reached XP level 2. HP: 2/29 MP: 1/1
   320 | D        | Noticed an ogre
   328 | D        | Killed an ogre
   329 | D        | Reached skill level 7 in Armour
   329 | D        | Reached skill level 1 in Dodging
   329 | D        | Reached XP level 3. HP: 22/39 MP: 2/2
   329 | D        | Reached XP level 4. HP: 26/47 MP: 3/3
   477 | D        | Noticed Sigmund
   491 | D        | Killed Sigmund
   492 | D        | Reached skill level 9 in Armour
   492 | D        | Reached XP level 5. HP: 41/56 MP: 4/4
   492 | D        | Reached XP level 6. HP: 45/62 MP: 5/5
   497 | D        | Killed a gargoyle
   588 | D        | Found an ornate altar of the Wu Jian Council.
   588 | D        | Found a shimmering blue altar of Sif Muna.
   590 | D        | Found a radiant altar of Vehumet.
   623 | D        | Found Guufad's Distillery.
   623 | D        | Found an ancient bone altar of Kikubaaqudgha.
   623 | D        | Found a hazy altar of Hepliaklqana.
   623 | D        | Found a stormy altar of Qazlal.
   623 | D        | Found a hide-covered altar of Uskayaw.
   623 | D        | Found a blossoming altar of Fedhas.
   623 | D        | Found a bloodstained altar of Trog.
   623 | D        | Found an iron altar of Okawaru.
   623 | D        | Found a basalt altar of Yredelemnul.
   623 | D        | Found a glowing golden altar of the Shining One.
   623 | D        | Found a snail-covered altar of Cheibriados.
   623 | D        | Found a sacrificial altar of Ru.
   623 | D        | Found a glowing silver altar of Zin.
   623 | D        | Found a shadowy altar of Dithmenos.
   623 | D        | Found a white marble altar of Elyvilon.
   623 | D        | Noticed a yak
   637 | D        | Killed a yak
   638 | D        | Reached skill level 10 in Armour
   638 | D        | Found an opulent altar of Gozag.
   639 | D        | Found a sparkling altar of Nemelex Xobeh.
   795 | D        | Became a worshipper of Qazlal Stormbringer
   812 | D        | Found a burning altar of Makhleb.
   812 | D        | Found a viscous altar of Jiyva.
   812 | D        | Found a shimmering altar of Xom.
   812 | D        | Found a corrupted altar of Lugonu.
   812 | D        | Noticed a slime creature
   822 | D        | Killed a slime creature
   823 | D        | Reached XP level 7. HP: 22/71 MP: 6/6
  1069 | D        | Noticed a kobold demonologist
  1069 | D        | Noticed a kobold demonologist
  1072 | D        | Reached skill level 10 in Fighting
  1072 | D        | Reached skill level 11 in Armour
  1072 | D        | Reached skill level 10 in Shields
  1072 | D        | Noticed a red devil
  1079 | D        | Noticed an orange demon
  1081 | D        | Noticed an ice devil
  1084 | D        | Noticed an orange demon
  1087 | D        | Killed a kobold demonologist
  1087 | D        | Reached * piety under Qazlal
  1088 | D        | Reached skill level 10 in Polearms
  1094 | D        | Killed a kobold demonologist
  1095 | D        | Reached skill level 12 in Armour
  1095 | D        | Reached XP level 8. HP: 40/81 MP: 7/7
  1302 | D        | Noticed a centaur warrior
  1306 | D        | Noticed a centaur warrior
  1318 | D        | HP: 1/121 [centaur warrior (12)]
  1318 | D        | Slain by a centaur warrior

Illustrated notes

Levels and vault maps discovered:
D:        dungeon_sprint_1 [red_sonja_temple_1, red_sonja_temple_small_1]

Skill      XL: |  1  2  3  4  5  6  7 |
---------------+----------------------+-----
Fighting       | 5 7 8 9 10 | 10.6
Polearms       | 3 4 6 8 10 | 10.9
Armour         | 5 7 9 10 12 | 12.1
Shields        | 5 6 8 9 10 | 10.8
Dodging        | 1 2 3 |  3.8
Stealth        | |  0.1

Action                   |  1- 3 |  4- 6 |  7- 9 || total
-------------------------+-------+-------+-------++-------
Melee: Trident           |    24 |    40 |    33 ||    97
       Headbutt          |     4 |     5 |     5 ||    14
  Use: Potion            |       |     1 |     2 ||     3
Armor: Scale mail        |     3 |     4 |    25 ||    32
Dodge: Dodged            |     6 |     9 |    28 ||    43
Block: Kite shield       |     9 |    12 |    35 ||    56

Table legend: (Time is in decaauts)
 A = Elapsed time spent in this place.
 B = Non-inter-level travel time spent in this place.
 C = Inter-level travel time spent in this place.
 D = Time resting spent in this place.
 E = Time spent auto-exploring this place.
 F = Levels seen in this place.
 G = Mean time per level.
                   A        B        C        D        E       F      G
               +--------+--------+--------+--------+--------+-----+--------+
         Total |   1331 |   1331 |      0 |   1070 |      0 |   1 | 1331.0 |
       Dungeon |   1331 |   1331 |      0 |   1070 |      0 |   1 | 1331.0 |
               +--------+--------+--------+--------+--------+-----+--------+

Top non-repeatable levels by time:
       D: 1331 daAuts
